 Dungeon Crawl Stone Soup version 0.26-a0-487-gbff1e92059 (webtiles) character file.

Game seed: 4034609910993243856

25794 Conn the Eclecticist (level 12, -19/62 HPs)
             Began as a Deep Elf Hedge Wizard on Aug 2, 2020.
             Was a High Priest of Sif Muna.
             Hit by a large rock thrown by a cyclops (36 damage)
             ... on level 11 of the Dungeon.
             The game lasted 01:40:47 (22673 turns).

Conn the Eclecticist (Deep Elf Hedge Wizard)       Turns: 22673, Time: 01:41:00

Health: -19/62     AC: 11    Str:  7    XL:     12   Next: 92%
Magic:  27/33      EV: 13    Int: 31    God:    Sif Muna [*****.]
Gold:   763        SH: 12    Dex: 14    Spells: 18/41 levels left

rFire    . . .     SeeInvis .   b - staff of poison
rCold    + . .     Faith    .   G - +2 kite shield
rNeg     . . .     Spirit   .   i - +3 leather armour {rC+}
rPois    +         Reflect  .   C - +0 helmet
rElec    .         Harm     .   (no cloak)
rCorr    .                      (no gloves)
MR       ++...                  w - +2 pair of boots
Stlth    ++++......             J - amulet of magic regeneration
HPRegen  0.20/turn              o - ring of wizardry
MPRegen  0.48/turn              y - +6 ring of intelligence

@: studying Shields
A: magic resistance 1, MP-powered wands
a: Channel Magic, Forget Spell, Divine Exegesis, Renounce Religion


You were on level 11 of the Dungeon.
You worshipped Sif Muna.
Sif Muna was extremely pleased with you.
You visited 4 branches of the dungeon, and saw 17 of its levels.

You collected 1183 gold pieces.
You spent 420 gold pieces at shops.

Inventory:

Hand Weapons
 a - a +3 dagger of venom
 O - the +3 long sword of Optimality {flame, rPois rN++ Int-4}
   (You found it on level 7 of the Dungeon)

   It has been specially enchanted to burn those struck by it, causing extra
   injury to most foes and up to half again as much damage against particularly
   susceptible opponents.
   Big, fiery blades are also staple armaments of hydra-hunters.
   It affects your intelligence (-4).
   It protects you from poison.
   It greatly protects you from negative energy.
Missiles
 f - 6 silver javelins (quivered)
Armour
 i - a +3 leather armour of cold resistance (worn)
 w - a +2 pair of boots (worn)
 x - a +3 ring mail
 C - a +0 helmet (worn)
 G - a +2 kite shield (worn)
Magical Staves
 b - an uncursed staff of poison (weapon)
 N - an uncursed staff of summoning
Jewellery
 o - a ring of wizardry (left hand)
 y - a +6 ring of intelligence (right hand)
 I - an uncursed ring of protection from fire
 J - an amulet of magic regeneration (around neck)
Wands
 c - a wand of clouds (8)
 u - a wand of random effects (16)
 D - a wand of enslavement (13)
 E - a wand of polymorph (8)
 F - a wand of paralysis (8)
 K - a wand of flame (28)
Scrolls
 d - 10 scrolls of teleportation
 h - 13 scrolls of identify
 n - a scroll of brand weapon
 p - 2 scrolls of amnesia
 q - a scroll of fear
 v - 3 scrolls of remove curse
 A - 4 scrolls of fog
 L - a scroll of magic mapping
Potions
 e - 3 potions of brilliance
 g - a potion of flight
 j - a potion of magic
 k - 7 potions of curing
 l - a potion of might
 m - a potion of haste
 s - a potion of berserk rage
 t - a potion of mutation
 z - a potion of heal wounds
Books
 P - a manual of Shields


   Skills:
 + Level 2.1 Fighting
 + Level 4.1 Short Blades
 + Level 1.0 Staves
 + Level 5.2 Armour
 + Level 5.2 Dodging
 + Level 8.5 Stealth
 * Level 8.5 Shields
 * Level 15.0 Spellcasting
 * Level 9.9 Conjurations
 + Level 3.4 Summonings
 * Level 6.7 Translocations
 + Level 2.6 Fire Magic
 - Level 3.0 Air Magic
 - Level 2.1 Poison Magic
 - Level 5.4 Invocations
 + Level 0.5 Evocations


You had 18 spell levels left.
You knew the following spells:

 Your Spells              Type           Power        Failure   Level
a - Magic Dart            Conj           ####         1%          1
b - Blink                 Tloc           N/A          1%          2
c - Call Imp              Summ           #####...     1%          2
d - Conjure Flame         Conj/Fire      ######..     1%          3
e - Mephitic Cloud        Conj/Pois/Air  ######..     1%          3
f - Searing Ray           Conj           ######       1%          2
g - Iskenderun's Mystic   Conj/Tloc      ######..     1%          4
h - Dispersal             Tloc           ######....   26%         6

Your spell library contained the following spells:

 Spells                   Type           Power        Failure   Level
 Apportation              Tloc           ######       1%          1
 Summon Small Mammal      Summ           ####         1%          1
 Dazzling Flash           Conj/Hex       ######       1%          3
 Gell's Gravitas          Tloc           ######....   1%          3
 Portal Projectile        Hex/Tloc       #####.       1%          3
 Animate Skeleton         Necr           ###...       2%          1
 Corona                   Hex            ###....      2%          1
 Pain                     Necr           ###.         2%          1
 Fulminant Prism          Conj/Hex       ######....   3%          4
 Slow                     Hex            ###.....     4%          2
 Vampiric Draining        Necr           ###.......   8%          3
 Animate Dead             Necr           ###.......   26%         4
 Agony                    Necr           ###.....     54%         5
 Chain Lightning          Conj/Air       ######....   100%        8
 Controlled Blink         Tloc           N/A          100%        8
 Disjunction              Tloc           ######....   100%        8
 Lehudib's Crystal Spear  Conj/Erth      ######....   100%        8
 Absolute Zero            Ice            ###.......   100%        9
 Fire Storm               Conj/Fire      ######....   100%        9


Dungeon Overview and Level Annotations

Branches:
Dungeon (11/15)            Temple (1/1) D:7            Lair (4/6) D:10
  Swamp (0/4) Lair:3        Snake (0/4) Lair:2          Orc (1/2) D:9

Altars:
Ashenzari
Cheibriados
Dithmenos
Elyvilon
Fedhas
Gozag
Hepliaklqana
Kikubaaqudgha
Makhleb
Nemelex Xobeh
Okawaru
Qazlal
Ru
Sif Muna
Trog
Uskayaw
Vehumet
Wu Jian
Xom
Yredelemnul
Zin
The Shining One

Shops:
D:8 :   D:10 :   Orc:1 (


Innate Abilities, Weirdness & Mutations

You are resistant to hostile enchantments. (MR+)
You expend magic power (3 MP) to strengthen your wands.


Message History

Press: ? - help, Shift-Dir - straight line You feel a surge of power!
The ball explodes into a vile cloud!
The stinking cloud engulfs the cyclops but does no damage.
The stinking cloud engulfs the wyvern but does no damage.
The wyvern is heavily wounded.
The wyvern is engulfed in noxious fumes.
The wyvern appears confused.
The worker ant zombie barely misses you.
You block the yak's attack.
The cyclops throws a large rock.
The large rock hits you!!
* * * LOW HITPOINT WARNING * * *
The wyvern is engulfed in noxious fumes.
The wyvern appears confused.
The wyvern is engulfed in noxious fumes.
The wyvern appears confused.
The worker ant zombie bites you but does no damage.
The yak gores you but does no damage.
The cyclops throws a large rock.
The large rock hits you!!!
Ouch! That really hurt!
You die... .#..... .# .y.. .#.###.### .## yl."...

.........###...
.......
...............
.#....#
.....†.!.......
......
..........[....
......
.....[.†(.W(...
>...$.
...C☼§YY....#
...zl☼†@(...#
...☼§§Zl†...#
......(.....#
..........###
...........
............
.............
.............#


You could see a cyclops, 2 yaks, a phantom, a wyvern (confused), an iguana, a
wight and a worker ant zombie.

Vanquished Creatures
  The ghost of walterwhite the Frost Mage, a journeyman OpIE of Gozag (Lair:2)
  4 hydras
  A two-headed ogre (D:9)
  Urug (D:10)
  Pikel (D:6)
  An ugly thing (D:10)
  5 elephants
  2 black mambas
  5 cane toads
  A gargoyle (D:10)
  A tyrant leech (Lair:3)
  7 hippogriffs
  8 blink frogs
  A wraith (D:10)
  19 yaks
  4 wyverns
  3 basilisks
  5 nagas (Lair:2)
  3 swamp worms (Lair:3)
  3 water moccasins
  2 swamp drakes
  A hornet zombie (D:10)
  5 porcupines
  3 sky beasts
  13 orc warriors
  A necrophage (D:10)
  3 ice beasts
  2 black bears (D:10)
  An eye of draining (D:8)
  A phantom (D:10)
  16 wolves
  2 ogres
  8 centaurs
  7 crocodiles
  9 bullfrogs
  A gnoll sergeant (D:9)
  2 scorpions
  A wyvern skeleton (D:11)
  23 killer bees
  4 wights (D:8)
  3 howler monkeys (D:9)
  4 bullfrog zombies
  A quasit (D:6)
  10 orc priests
  5 hounds
  2 jellies
  3 centaur skeletons
  20 orc wizards
  2 iguanas
  3 worker ants
  A killer bee zombie (D:9)
  2 hound zombies
  2 worker ant zombies
  4 gnolls (D:8)
  A howler monkey skeleton (D:5)
  5 adders
  2 white imps
  An ooze (D:3)
  3 adder skeletons
  2 worms
  2 dart slugs
  5 leopard geckos
  59 orcs
  A giant cockroach (D:4)
  13 goblins
  9 hobgoblins
  8 jackals
  2 quokkas
  A ball python (D:1)
  6 bats
  7 frilled lizards
  A jackal skeleton (D:9)
  A kobold (D:1)
  A quokka skeleton (D:9)
  5 rats
378 creatures vanquished.

Vanquished Creatures (collateral kills)
  3 yaks (Lair:3)
  A black bear (D:6)
  2 ogres
  3 wolves (Lair:3)
  A lemure (D:6)
  2 killer bees
  A bullfrog skeleton (D:7)
  An orc wizard (D:4)
  3 iguanas
  3 worker ants
  A hound skeleton (D:4)
  Robin (D:3)
  An adder (D:3)
  A white imp (D:6)
  2 worms (D:2)
  10 orcs
  A giant cockroach (D:4)
  2 goblins (D:3)
  2 hobgoblins (D:3)
  2 bats (D:3)
  A frilled lizard (D:5)
  A rat (D:3)
45 creatures vanquished.

Vanquished Creatures (others)
  A killer bee (D:8)
  A bat (D:1)
  5 fungi
  A plant (Lair:3)
8 creatures vanquished.

Grand Total: 431 creatures vanquished

Notes
Turn   | Place    | Note
-------+----------+-------------------------------------------
     0 | D:1      | Conn the Deep Elf Hedge Wizard began the quest for the Orb.
     0 | D:1      | Reached XP level 1. HP: 10/10 MP: 7/7
   766 | D:1      | Reached XP level 2. HP: 15/15 MP: 7/9
   866 | D:1      | Learned a level 2 spell: Blink
   869 | D:1      | Learned a level 2 spell: Call Imp
   973 | D:1      | Reached skill level 5 in Spellcasting
  1646 | D:2      | Reached XP level 3. HP: 19/19 MP: 6/11
  2164 | D:1      | Learned a level 3 spell: Conjure Flame
  2168 | D:1      | Learned a level 3 spell: Mephitic Cloud
  3456 | D:3      | Reached XP level 4. HP: 1/24 MP: 2/13
  3798 | D:3      | Noticed Robin
  3806 | D:3      | Killed Robin
  4201 | D:3      | Found a burning altar of Makhleb.
  4270 | D:3      | Noticed an ogre
  4501 | D:3      | Killed an ogre
  4501 | D:3      | Reached skill level 6 in Spellcasting
  4501 | D:3      | Reached XP level 5. HP: 28/28 MP: 2/15
  5520 | D:4      | Found a stormy altar of Qazlal.
  5668 | D:5      | Entered Level 5 of the Dungeon
  5710 | D:5      | Reached XP level 6. HP: 22/32 MP: 5/17
  5832 | D:5      | Reached skill level 7 in Spellcasting
  6063 | D:5      | Found an iron altar of Okawaru.
  6512 | D:5      | Found a burning altar of Makhleb.
  7044 | D:6      | Reached skill level 1 in Armour
  7121 | D:6      | Reached skill level 1 in Short Blades
  7121 | D:6      | Reached XP level 7. HP: 22/36 MP: 16/20
  7375 | D:6      | Noticed Pikel
  7402 | D:6      | Killed Pikel
  7402 | D:6      | Reached skill level 8 in Spellcasting
  8480 | D:7      | Reached skill level 1 in Fire Magic
  8731 | D:7      | Found an opulent altar of Gozag.
  9120 | D:7      | Found a staircase to the Ecumenical Temple.
  9159 | D:7      | Reached skill level 1 in Air Magic
  9159 | D:7      | Reached skill level 1 in Poison Magic
  9159 | D:7      | Reached XP level 8. HP: 38/42 MP: 17/22
  9396 | D:7      | Got a blackened long sword
  9397 | D:7      | Identified the +3 long sword of Optimality {flame, rPois
                  | rN++ Int-4} (You found it on level 7 of the Dungeon)
  9591 | Temple   | Entered the Ecumenical Temple
  9641 | Temple   | Became a worshipper of Sif Muna the Loreminder
  9712 | D:8      | Found a shattered altar of Ashenzari.
  9843 | D:8      | Reached skill level 1 in Shields
 10112 | D:8      | Reached skill level 9 in Spellcasting
 10186 | D:8      | Reached skill level 5 in Translocations
 10677 | D:8      | Reached * piety under Sif Muna
 10857 | D:8      | Found Igibumyi's Book Boutique.
 10863 | D:8      | Bought a book of Conjurations for 420 gold pieces
 10866 | D:8      | Learned a level 2 spell: Searing Ray
 10871 | D:8      | Learned a level 4 spell: Iskenderun's Mystic Blast
 10928 | D:8      | Reached XP level 9. HP: 30/46 MP: 16/24
 11430 | D:9      | Reached skill level 10 in Spellcasting
 11456 | D:9      | Reached skill level 5 in Stealth
 11661 | D:9      | Noticed a two-headed ogre
 11674 | D:10     | Entered Level 10 of the Dungeon
 11730 | D:9      | Killed a two-headed ogre
 11730 | D:9      | Reached skill level 1 in Fighting
 12000 | D:9      | Reached XP level 10. HP: 37/52 MP: 16/26
 12043 | D:9      | Reached skill level 11 in Spellcasting
 12303 | D:9      | Reached ** piety under Sif Muna
 12694 | D:9      | Reached skill level 1 in Invocations
 12713 | D:9      | Found a staircase to the Orcish Mines.
 12917 | D:9      | Found a blossoming altar of Fedhas.
 13360 | Orc:1    | Entered Level 1 of the Orcish Mines
 13360 | Orc:1    | Found Haamon's Antique Weapon Shop.
 13369 | Orc:1    | Reached skill level 5 in Conjurations
 13604 | D:9      | Gained mutation: You expend magic power (3 MP) to
                  | strengthen your wands. [potion of mutation]
 13604 | D:9      | Gained mutation: You are resistant to hostile enchantments.
                  | (MR+) [potion of mutation]
 13620 | Orc:1    | Reached *** piety under Sif Muna
 13786 | Orc:1    | Noticed an orc knight
 13788 | Orc:1    | Noticed an orc sorcerer
 13809 | D:9      | Reached skill level 5 in Shields
 15011 | D:10     | Found Cuwozxij's Book Emporium.
 15378 | D:10     | Found a staircase to the Lair.
 15537 | D:10     | Noticed a gargoyle
 15542 | D:10     | Killed a gargoyle
 15542 | D:10     | Reached skill level 12 in Spellcasting
 15668 | D:10     | Noticed Urug
 15682 | D:10     | Killed Urug
 15682 | D:10     | Reached XP level 11. HP: 57/57 MP: 17/29
 15879 | D:10     | Reached **** piety under Sif Muna
 16367 | Lair:1   | Entered Level 1 of the Lair of Beasts
 18013 | Lair:2   | Reached skill level 13 in Spellcasting
 18395 | Lair:2   | Noticed a five-headed hydra
 18408 | Lair:2   | Killed a five-headed hydra
 18711 | Lair:2   | Found a staircase to the Snake Pit.
 18882 | Lair:2   | Found a large runed translucent door.
 18882 | Lair:2   | Found a large runed translucent door.
 18891 | Lair:2   | Noticed walterwhite's ghost (journeyman OpIE)
 18915 | Lair:2   | Killed walterwhite's ghost
 19252 | Lair:3   | Reached XP level 12. HP: 47/62 MP: 4/31
 19551 | Lair:3   | Noticed a four-headed hydra
 19560 | Lair:3   | Noticed an eight-headed hydra
 19571 | Lair:3   | HP: 2/62 [crocodile (15)]
 19918 | Lair:4   | Noticed a seven-headed hydra
 19928 | Lair:4   | Killed a seven-headed hydra
 19941 | Lair:4   | Reached skill level 5 in Invocations
 20099 | Lair:3   | Reached skill level 14 in Spellcasting
 20133 | Lair:3   | Killed a four-headed hydra
 20339 | Lair:3   | Reached skill level 5 in Armour
 21140 | Lair:4   | Reached ***** piety under Sif Muna
 21146 | Lair:4   | Received a gift from Sif Muna
 21499 | Lair:4   | Reached skill level 5 in Dodging
 21602 | Lair:4   | Learned a level 6 spell: Dispersal
 22004 | Lair:3   | Killed an eight-headed hydra
 22004 | Lair:3   | Reached skill level 1 in Staves
 22223 | Lair:3   | Found a staircase to the Swamp.
 22534 | D:10     | Reached skill level 15 in Spellcasting
 22673 | D:11     | Hit by a large rock thrown by a cyclops

Illustrated notes

Levels and vault maps discovered:
D:1:      wander_arrival_chamber, layout_basic, lemuel_flame_loot_1
D:2:      wander_river, layout_basic, minmay_fountain_box
D:3:      layout_loops_ring, lemuel_doored_altar, minmay_strange_pillars,
          bh_walls_and_bars, uniq_robin
D:4:      layout_rooms, old_standard_altar, supply_closet_lemuel
D:5:      layout_cave_pods, okawaru_gym_becter, serial_column_ruins,
          column_ruins_hut, column_ruins_open_small,
          column_ruins_corridor_straight, column_ruins_columns_straight,
          column_ruins_columns_corner, column_ruins_open_tiny,
          column_ruins_open_tiny, makhleb_blood_cavern_becter
D:6:      layout_rooms, uniq_pikel
D:7:      layout_cave_pods, kennysheep_mini_moat, minmay_temple_entry_statues
D:8:      layout_gridville, cheibrodos_ashenzari_chains, serial_shops, shop,
          minmay_holes, minmay_misc_feat_hallway
D:9:      layout_long_grid, fedhas_altar_2, erik_orc_1, minmay_misc_feat_encased
D:10:     layout_long_grid, erik_lair_dragon, serial_shops, shop,
          nicolae_twisting_strands, uniq_urug
D:11:     layout_rooms, gammafunk_ghost_cemetery, minivault_19, uniq_psyche
Temple:   nicolae_temple_x_marks_the_god
Lair:1:   layout_layer_cave, serial_bayou_shore_b
Lair:2:   layout_small_grid, minmay_snake_entry_guardpost_large,
          ebering_ghost_disaster_area, grunt_megastairs_4
Lair:3:   layout_hall_layers, palyth_hydra_swamp_entry
Lair:4:   layout_layer_cave, minmay_hedge_maze, uniq_nessos
Orc:1:    layout_caves, serial_shops, nicolae_shop_statue_plus,
          nicolae_shop_behind_doors, shop

Skill      XL: |  1  2  3  4  5  6  7  8  9 10 11 12 |
---------------+-------------------------------------+-----
Spellcasting   | 5 6 7 8 9 10 12 13 15 | 15.0
Conjurations   | 2 3 4 6 8 9 |  9.9
Stealth        | 3 4 5 7 8 |  8.5
Translocations | 2 3 4 5 6 |  6.7
Armour         | 1 2 3 4 5 |  5.2
Summonings     | 2 3 |  3.4
Short Blades   | 1 2 3 4 |  4.1
Fire Magic     | 1 2 |  2.6
Dodging        | 3 4 5 |  5.2
Air Magic      | 1 2 3 |  3.0
Poison Magic   | 1 2 |  2.1
Shields        | 2 4 6 7 8 |  8.5
Fighting       | 1 2 |  2.1
Invocations    | 3 4 5 |  5.4
Staves         | 1 |  1.0
Evocations     | |  0.5

Action                   |  1- 3 |  4- 6 |  7- 9 | 10-12 || total
-------------------------+-------+-------+-------+-------++-------
Melee: Dagger            |    46 |    78 |   264 |   309 ||   697
       Staff             |       |       |    24 |    65 ||    89
Throw: Javelin           |       |     1 |       |       ||     1
       Boomerang         |       |       |     6 |       ||     6
 Cast: Magic Dart        |    87 |    93 |   114 |    88 ||   382
       Call Imp          |    11 |    36 |    36 |    11 ||    94
       Blink             |       |     5 |    19 |    20 ||    44
       Mephitic Cloud    |       |     1 |    35 |    87 ||   123
       Conjure Flame     |       |       |     7 |     2 ||     9
       Searing Ray       |       |       |     9 |    99 ||   108
       Iskenderun's Myst |       |       |     4 |    49 ||    53
Evoke: Wand              |       |       |     3 |     5 ||     8
  Use: Potion            |       |     4 |     1 |     9 ||    14
       Scroll            |       |       |     2 |    18 ||    20
 Stab: Sleeping          |    10 |     1 |     1 |     4 ||    16
       Distracted        |       |     2 |     1 |       ||     3
       Confused          |       |       |    13 |    40 ||    53
       Paralysed         |       |       |     1 |     1 ||     2
Armor: Robe              |    19 |     1 |       |       ||    20
       Ring mail         |       |    53 |   139 |    18 ||   210
       Leather armour    |       |       |       |    98 ||    98
Dodge: Dodged            |    55 |    64 |   172 |   202 ||   493
Block: Kite shield       |       |       |     8 |   248 ||   256

Table legend: (Time is in decaauts)
 A = Elapsed time spent in this place.
 B = Non-inter-level travel time spent in this place.
 C = Inter-level travel time spent in this place.
 D = Time resting spent in this place.
 E = Time spent auto-exploring this place.
 F = Levels seen in this place.
 G = Mean time per level.
                   A        B        C        D        E       F      G
               +--------+--------+--------+--------+--------+-----+--------+
         Total |  22655 |  21917 |    738 |   6429 |   9636 |  17 | 1332.6 |
       Dungeon |  16358 |  15737 |    621 |   4668 |   6712 |  11 | 1487.1 |
        Temple |     60 |     60 |      0 |      0 |      0 |   1 |   60.0 |
          Lair |   6055 |   5939 |    116 |   1761 |   2923 |   4 | 1513.8 |
  Orcish Mines |    180 |    180 |      0 |      0 |      0 |   1 |  180.0 |
               +--------+--------+--------+--------+--------+-----+--------+

Top non-repeatable levels by time:
     D:9: 3049 daAuts
    D:10: 1903 daAuts
  Lair:4: 1851 daAuts
     D:1: 1759 daAuts
     D:8: 1747 daAuts
     D:2: 1714 daAuts
  Lair:1: 1555 daAuts
  Lair:2: 1413 daAuts
     D:3: 1365 daAuts
     D:5: 1364 daAuts
     D:7: 1316 daAuts
     D:6: 1257 daAuts
  Lair:3: 1235 daAuts
     D:4: 847 daAuts
   Orc:1: 180 daAuts
